Coyotes vs Sénateurs
(R1)
Created - 13 septembre 2014 at 19:17
Simulating a Pre-Season
Goals
|
| Coyotes |
2 |
3 |
0 |
5 |
| Sénateurs |
1 |
1 |
2 |
4 |
|
Shots
|
| Coyotes |
8 |
13 |
8 |
29 |
| Sénateurs |
8 |
8 |
18 |
34 |
|
1st period
1. Coyotes , Chad Larose 1 (Erik Christensen, Michael Rupp) at 7:39
2. Coyotes , Brenden Morrow 3 (Frans Nielsen, Anton Stralman) at 10:33
3. Sénateurs , Andy McDonald 2 (Gilbert Brule, Jean-Pierre Dumont) at 17:15
Penalties :
Anton Stralman (Pho) for Holding (Minor) at 2:32, Gilbert Brule (Ott) for Holding Stick (Minor) at 5:05, Marian Gaborik (Pho) for Tripping (Minor) at 17:18
2nd period
4. Coyotes , Frans Nielsen 1 (Drew Miller) at 4:35 (PP)
5. Sénateurs , Nikolai Kulemin 1 (Todd Bertuzzi, Andrew Ebbett) at 11:48
6. Coyotes , Marian Gaborik 3 (Tim Connolly, Drew Miller) at 17:59
7. Coyotes , Tim Connolly 3 (Marian Gaborik, Denis Grebeshkov) at 18:17 (PP)
Penalties :
B.J. Crombeen (Ott) for Holding (Minor) at 0:22, Todd Bertuzzi (Ott) for High sticking (Minor) at 4:12, Frans Nielsen (Pho) for High sticking (Minor) at 12:10, Jean-Pierre Dumont (Ott) for Holding (Minor) at 18:02
3rd period
8. Sénateurs , Nikolai Kulemin 2 (Todd Bertuzzi, Andrew Ebbett) at 6:24
9. Sénateurs , Gilbert Brule 5 (Jean-Pierre Dumont) at 9:18
Penalties :
Marian Gaborik (Pho) for Hooking (Minor) at 0:32, Vitaly Vishnevsky (Ott) for Hooking (Minor) at 9:04, Marian Gaborik (Pho) for High sticking (Double Minor) at 9:14
Goalie Stats
Ryan Miller (Pho), 30 saves from 34 shots - (0,882), W, 2-0-1, 60:00 minutes
Jeff Deslauriers (Ott), 9 saves from 10 shots - (0,900), L, 2-1-0, 21:41 minutes
Jonas Hiller (Ott), 15 saves from 19 shots - (0,789), 37:59 minutes
Players Stats for Coyotes
Player Name G A P +/- PIM S H SB GA TA FO MP PP MP PK MP
------------------------------------------------------------------------------------
Anton Stralman 0 1 1 0 2 0 0 0 0 1 0/0 18:23 1:36 0:53
Boyd Devereaux 0 0 0 0 0 1 1 1 0 0 1/8 13:50 0:00 5:10
Brenden Morrow 1 0 1 1 0 4 1 0 1 0 1/1 17:28 2:50 0:57
Brian Rafalski 0 0 0 0 0 0 0 0 0 0 0/0 16:53 3:10 0:00
Chad Larose 1 0 1 1 0 3 1 0 0 0 1/3 15:03 0:00 5:11
Chris Stewart 0 0 0 1 0 0 1 0 0 0 0/1 14:15 1:56 0:00
Denis Grebeshkov 0 1 1 0 0 1 2 2 0 2 0/0 22:27 3:10 4:00
Drew Miller 0 2 2 -3 0 2 2 1 0 0 1/3 21:22 1:56 3:58
Erik Christensen 0 1 1 1 0 2 0 0 0 0 2/3 11:30 1:36 0:58
Frans Nielsen 1 1 2 1 2 3 2 0 0 0 7/18 14:54 1:56 0:03
Jiri Fischer 0 0 0 0 0 0 1 1 1 2 0/0 19:10 0:00 5:52
Kurt Sauer 0 0 0 -1 0 0 1 1 0 3 0/0 23:06 0:00 5:24
Lukas Krajicek 0 0 0 -1 0 0 2 1 0 0 0/0 18:34 0:00 4:03
Marian Gaborik 1 1 2 -2 8 5 3 0 0 0 1/1 16:57 2:49 0:00
Michael Rupp 0 1 1 1 0 0 0 1 1 1 0/0 8:22 0:00 0:00
Shawn Thornton 0 0 0 0 0 0 2 0 0 0 1/2 7:10 0:00 0:00
Tim Connolly 1 1 2 -3 0 7 4 3 0 1 12/29 17:31 2:50 0:00
Vaclav Varada 0 0 0 0 0 1 1 2 0 0 0/0 11:05 0:00 3:55
Players Stats for Sénateurs
Player Name G A P +/- PIM S H SB GA TA FO MP PP MP PK MP
------------------------------------------------------------------------------------
Andrew Ebbett 0 2 2 1 0 4 1 0 0 0 6/11 11:04 0:29 0:56
Andy Hilbert 0 0 0 0 0 0 2 1 1 0 1/2 8:28 0:00 1:17
Andy McDonald 1 0 1 -1 0 3 2 0 0 0 6/6 22:36 4:52 1:34
B.J. Crombeen 0 0 0 0 2 0 2 0 0 0 0/0 12:00 0:15 0:00
Carlo Colaiacovo 0 0 0 0 0 0 0 0 1 0 0/0 20:53 4:08 1:32
Dan Girardi 0 0 0 0 0 0 1 1 1 0 0/0 20:53 4:08 1:32
Dan Hamhuis 0 0 0 0 0 3 4 1 0 0 0/0 28:15 5:19 3:14
Darcy Hordichuk 0 0 0 0 0 2 2 1 0 0 0/0 16:14 5:14 0:00
Daymond Langkow 0 0 0 0 0 1 1 0 2 0 5/13 18:21 5:07 1:08
Gilbert Brule 1 1 2 0 2 5 0 2 2 0 20/33 23:29 4:33 1:55
Jean-Pierre Dumont 0 2 2 0 2 5 0 0 2 0 1/1 23:48 4:30 2:42
Nikolai Kulemin 2 0 2 1 0 3 2 0 0 1 0/0 9:22 0:00 0:00
Rob Niedermayer 0 0 0 0 0 0 0 0 0 0 1/1 6:46 0:00 0:00
Ryan Parent 0 0 0 1 0 0 0 0 0 0 0/0 10:23 0:00 0:10
Sami Kapanen 0 0 0 0 0 1 0 0 0 0 0/0 6:46 0:00 0:00
Sami Salo 0 0 0 2 0 1 0 1 0 1 0/0 12:15 0:39 0:00
Todd Bertuzzi 0 2 2 1 2 4 0 0 1 0 2/2 14:23 5:14 0:00
Vitaly Vishnevsky 0 0 0 -1 2 2 1 2 0 1 0/0 27:24 6:02 3:04
3 Stars
1 - Nikolai Kulemin (Ott)
2 - Frans Nielsen (Pho)
3 - Tim Connolly (Pho)
Power Play
Coyotes - 2 on 5 Attempt(s) - 40,00%
Sénateurs - 0 on 6 Attempt(s) - 0,00%
Penalty Kill
Coyotes - 6 on 6 Attempt(s) - 100,00%
- Score 0 goal in Penalty Kill
Sénateurs - 3 on 5 Attempt(s) - 60,00%
- Score 0 goal in Penalty Kill
Official
Referees : Hebert Ghislain and Walkom Stephen
Linesman : Steve Miller and Pierre Champoux
Game Notes
Jeff Deslauriers enters game at 17:59 of 2nd period
Coyotes
5 vs 5 Forward
Center Left Wing Right Wing Time % Phy DF OF
1 Tim Connolly Drew Miller Marian Gaborik 35 1 1 3
2 Frans Nielsen Brenden Morrow Chris Stewart 31 1 2 2
3 Erik Christensen Michael Rupp Chad Larose 18 2 2 1
4 Boyd Devereaux Shawn Thornton Vaclav Varada 16 2 2 1
5 vs 5 Defense
Defense Defense Time % Phy DF OF
1 Kurt Sauer Anton Stralman 38 1 2 2
2 Denis Grebeshkov Brian Rafalski 34 1 1 3
3 Jiri Fischer Lukas Krajicek 26 2 2 1
4 Kurt Sauer Denis Grebeshkov 2 1 1 3
PowerPlay Forward
Center Left Wing Right Wing Time % Phy DF OF
1 Tim Connolly Brenden Morrow Marian Gaborik 55 1 0 4
2 Frans Nielsen Drew Miller Chris Stewart 45 1 0 4
PowerPlay Defense
Defense Defense Time % Phy DF OF
1 Denis Grebeshkov Brian Rafalski 55 1 1 3
2 Erik Christensen Anton Stralman 45 1 1 3
Penalty Kill 4 Players Forward
Center Wing Time % Phy DF OF
1 Boyd Devereaux Chad Larose 55 2 2 1
2 Drew Miller Vaclav Varada 45 2 2 1
Penalty Kill 4 Players Defense
Defense Defense Time % Phy DF OF
1 Kurt Sauer Jiri Fischer 55 1 4 0
2 Lukas Krajicek Denis Grebeshkov 45 1 4 0
Penalty Kill - 3 Players Forward
Forward Time % Phy DF OF
1 Drew Miller 55 0 5 0
2 Boyd Devereaux 45 0 5 0
Penalty Kill - 3 Players Defense
Defense Defense Time % Phy DF OF
1 Jiri Fischer Kurt Sauer 55 1 4 0
2 Lukas Krajicek Denis Grebeshkov 45 1 4 0
4 vs 4 Forward
Center Wing Time % Phy DF OF
1 Tim Connolly Marian Gaborik 52 1 2 2
2 Frans Nielsen Drew Miller 48 1 2 2
4 vs 4 Defense
Defense Defense Time % Phy DF OF
1 Kurt Sauer Lukas Krajicek 52 1 2 2
2 Denis Grebeshkov Jiri Fischer 48 1 2 2
Last Minutes Offensive
Center Left Wing Right Wing Defense Defense
Tim Connolly Drew Miller Marian Gaborik Denis Grebeshkov Erik Christensen
Last Minutes Defensive
Center Left Wing Right Wing Defense Defense
Boyd Devereaux Drew Miller Chad Larose Kurt Sauer Jiri Fischer
Goaltenders
Starting : Ryan Miller
Backup : Marc Denis
Extra Forwards
Normal : Marian Gaborik, Drew Miller, Brenden Morrow - PP : Marian Gaborik, Brenden Morrow - PK : Drew Miller
Extra Defensemen
Normal : Brian Rafalski, Denis Grebeshkov, Anton Stralman - PP : Anton Stralman - PK : Kurt Sauer, Jiri Fischer
Penalty Shots
Marian Gaborik, Brenden Morrow, Frans Nielsen, Tim Connolly, Drew Miller
Sénateurs
5 vs 5 Forward
Center Left Wing Right Wing Time % Phy DF OF
1 Gilbert Brule Andy McDonald Jean-Pierre Dumont 37 1 2 2
2 Daymond Langkow Darcy Hordichuk B.J. Crombeen 30 1 2 2
3 Andrew Ebbett Nikolai Kulemin Todd Bertuzzi 23 1 2 2
4 Rob Niedermayer Andy Hilbert Sami Kapanen 10 1 2 2
5 vs 5 Defense
Defense Defense Time % Phy DF OF
1 Vitaly Vishnevsky Dan Hamhuis 40 1 2 2
2 Dan Girardi Carlo Colaiacovo 30 1 2 2
3 Sami Salo Ryan Parent 20 1 2 2
4 Vitaly Vishnevsky Dan Hamhuis 10 1 2 2
PowerPlay Forward
Center Left Wing Right Wing Time % Phy DF OF
1 Gilbert Brule Andy McDonald Jean-Pierre Dumont 60 1 2 2
2 Daymond Langkow Darcy Hordichuk Todd Bertuzzi 40 1 2 2
PowerPlay Defense
Defense Defense Time % Phy DF OF
1 Vitaly Vishnevsky Dan Hamhuis 60 1 2 2
2 Dan Girardi Carlo Colaiacovo 40 1 2 2
Penalty Kill 4 Players Forward
Center Wing Time % Phy DF OF
1 Gilbert Brule Jean-Pierre Dumont 60 1 2 2
2 Daymond Langkow Andy McDonald 40 1 2 2
Penalty Kill 4 Players Defense
Defense Defense Time % Phy DF OF
1 Vitaly Vishnevsky Dan Hamhuis 60 1 2 2
2 Dan Girardi Carlo Colaiacovo 40 1 2 2
Penalty Kill - 3 Players Forward
Forward Time % Phy DF OF
1 Gilbert Brule 60 1 2 2
2 Jean-Pierre Dumont 40 1 2 2
Penalty Kill - 3 Players Defense
Defense Defense Time % Phy DF OF
1 Vitaly Vishnevsky Dan Hamhuis 60 1 2 2
2 Dan Girardi Carlo Colaiacovo 40 1 2 2
4 vs 4 Forward
Center Wing Time % Phy DF OF
1 Gilbert Brule Jean-Pierre Dumont 60 1 2 2
2 Daymond Langkow Andy McDonald 40 1 2 2
4 vs 4 Defense
Defense Defense Time % Phy DF OF
1 Vitaly Vishnevsky Dan Hamhuis 60 1 2 2
2 Dan Girardi Carlo Colaiacovo 40 1 2 2
Last Minutes Offensive
Center Left Wing Right Wing Defense Defense
Gilbert Brule Andy McDonald Jean-Pierre Dumont Vitaly Vishnevsky Dan Hamhuis
Last Minutes Defensive
Center Left Wing Right Wing Defense Defense
Gilbert Brule Andy McDonald Jean-Pierre Dumont Vitaly Vishnevsky Dan Hamhuis
Goaltenders
Starting : Jonas Hiller
Backup : Jeff Deslauriers
Extra Forwards
Normal : Andrew Ebbett, B.J. Crombeen, Andy Hilbert - PP : Andrew Ebbett, B.J. Crombeen - PK : Andy Hilbert
Extra Defensemen
Normal : Sami Salo, Ryan Parent, Dan Girardi - PP : Sami Salo - PK : Ryan Parent, Dan Girardi
Penalty Shots
Gilbert Brule, Jean-Pierre Dumont, Daymond Langkow, Andy McDonald, Darcy Hordichuk
% Time on Ice - Coyotes
Lines # - Real PCT - Wanted PCT - Time Play
Normal Forward
1 - 34% - 35% - 14:25
2 - 29% - 31% - 12:19
3 - 20% - 18% - 8:22
4 - 17% - 16% - 7:10
Normal Defense
1 - 39% - 38% - 16:17
2 - 34% - 34% - 14:27
3 - 27% - 26% - 11:32
4 - 0% - 2% - 0:00
PP Forward
1 - 59% - 55% - 2:50
2 - 41% - 45% - 1:56
PP Defense
1 - 66% - 55% - 3:10
2 - 34% - 45% - 1:36
PK Forward
1 - 61% - 55% - 6:08
2 - 39% - 45% - 3:58
PK Defense
1 - 60% - 55% - 6:06
2 - 40% - 45% - 4:00
PK3 Forward
1 - 0% - 55%
2 - 0% - 45%
PK3 Defense
1 - 0% - 55%
2 - 0% - 45%
44 Forward
1 - 69% - 52% - 1:15
2 - 31% - 48% - 0:34
44 Defense
1 - 74% - 52% - 1:21
2 - 26% - 48% - 0:28
Last Minute Offensive - 0:00
Last Minute Defensive - 1:03
Total
Forward - 60:00
Defense - 60:00
|
% Time on Ice - Sénateurs
Lines # - Real PCT - Wanted PCT - Time Play
Normal Forward
1 - 35% - 37% - 14:48
2 - 27% - 30% - 11:17
3 - 22% - 23% - 9:22
4 - 16% - 10% - 6:46
Normal Defense
1 - 41% - 40% - 17:24
2 - 35% - 30% - 14:47
3 - 23% - 20% - 9:38
4 - 1% - 10% - 0:24
PP Forward
1 - 48% - 60% - 4:48
2 - 52% - 40% - 5:18
PP Defense
1 - 59% - 60% - 5:58
2 - 41% - 40% - 4:08
PK Forward
1 - 77% - 60% - 3:39
2 - 23% - 40% - 1:07
PK Defense
1 - 68% - 60% - 3:14
2 - 32% - 40% - 1:32
PK3 Forward
1 - 0% - 60%
2 - 0% - 40%
PK3 Defense
1 - 0% - 60%
2 - 0% - 40%
44 Forward
1 - 78% - 60% - 1:25
2 - 22% - 40% - 0:24
44 Defense
1 - 76% - 60% - 1:23
2 - 24% - 40% - 0:26
Last Minute Offensive - 1:06
Last Minute Defensive - 0:00
Total
Forward - 60:00
Defense - 60:00
|
Play by Play
1st period
0:01 of 1st period - Drew Miller wins face-off versus Gilbert Brule in neutral zone.
0:15 of 1st period - Wrist shot by Tim Connolly.
0:15 of 1st period - Stopped by Jonas Hiller with a rebound.
0:29 of 1st period - Snap shot by Erik Christensen.
0:29 of 1st period - Stopped by Jonas Hiller with a rebound.
1:15 of 1st period - Todd Bertuzzi is hit by Shawn Thornton and loses puck.
2:19 of 1st period - Wrist shot by Todd Bertuzzi.
2:19 of 1st period - Shot Misses the Net.
2:30 of 1st period - Wrist shot by Nikolai Kulemin.
2:30 of 1st period - Shot Misses the Net.
2:32 of 1st period - Minor Penalty to Anton Stralman for Holding.
2:33 of 1st period - Gilbert Brule wins face-off versus Boyd Devereaux in Coyotes zone.
3:00 of 1st period - Vitaly Vishnevsky is hit by Vaclav Varada and loses puck.
3:07 of 1st period - Snap shot by Vaclav Varada.
3:07 of 1st period - Stopped by Jonas Hiller without a rebound.
3:08 of 1st period - Gilbert Brule wins face-off versus Boyd Devereaux in Sénateurs zone.
3:08 of 1st period - Gilbert Brule is hit by Denis Grebeshkov.
3:32 of 1st period - Denis Grebeshkov is hit by Darcy Hordichuk and loses puck.
3:37 of 1st period - Snap shot by Daymond Langkow.
3:37 of 1st period - Shot Blocked by Lukas Krajicek.
3:58 of 1st period - Boyd Devereaux is hit by Daymond Langkow and loses puck.
4:32 of 1st period - Penalty to Anton Stralman is over, Anton Stralman is back on ice.
4:39 of 1st period - Slapshot by Darcy Hordichuk.
4:39 of 1st period - Shot Misses the Net.
4:41 of 1st period - Wrist shot by Todd Bertuzzi.
4:41 of 1st period - Shot Blocked by Kurt Sauer.
4:43 of 1st period - Wrist shot by Todd Bertuzzi.
4:43 of 1st period - Stopped by Ryan Miller without a rebound.
4:44 of 1st period - Frans Nielsen wins face-off versus Gilbert Brule in Coyotes zone.
5:05 of 1st period - Minor Penalty to Gilbert Brule for Holding Stick.
5:06 of 1st period - Tim Connolly wins face-off versus Andy Hilbert in Sénateurs zone.
5:09 of 1st period - Snap shot by Brenden Morrow.
5:09 of 1st period - Shot Misses the Net.
5:31 of 1st period - Chris Stewart is hit by Dan Hamhuis and loses puck.
6:33 of 1st period - Dan Hamhuis is hit by Frans Nielsen and loses puck.
7:05 of 1st period - Penalty to Gilbert Brule is over, Gilbert Brule is back on ice.
7:15 of 1st period - Snap shot by Gilbert Brule.
7:15 of 1st period - Shot Blocked by Vaclav Varada.
7:37 of 1st period - Wrist shot by Erik Christensen.
7:37 of 1st period - Stopped by Jonas Hiller with a rebound.
7:39 of 1st period - Wrist shot by Chad Larose.
7:39 of 1st period - Goal by Chad Larose - Coyotes : 1 - Sénateurs : 0.
7:40 of 1st period - Gilbert Brule wins face-off versus Tim Connolly in neutral zone.
7:47 of 1st period - Snap shot by Gilbert Brule.
7:47 of 1st period - Shot Misses the Net.
8:25 of 1st period - Slapshot by B.J. Crombeen.
8:25 of 1st period - Deflect By Daymond Langkow.
8:25 of 1st period - Shot Misses the Net.
8:25 of 1st period - Puck is out of play.
8:26 of 1st period - Frans Nielsen wins face-off versus Daymond Langkow in Coyotes zone.
8:58 of 1st period - Wrist shot by Daymond Langkow.
8:58 of 1st period - Stopped by Ryan Miller with a rebound.
9:10 of 1st period - Wrist shot by Daymond Langkow.
9:10 of 1st period - Shot Misses the Net.
9:45 of 1st period - Icing by Brenden Morrow.
9:46 of 1st period - Andy McDonald wins face-off versus Frans Nielsen in Coyotes zone.
10:27 of 1st period - Wrist shot by Frans Nielsen.
10:27 of 1st period - Shot Misses the Net.
10:29 of 1st period - Slapshot by Frans Nielsen.
10:29 of 1st period - Shot Misses the Net.
10:31 of 1st period - Snap shot by Brenden Morrow.
10:31 of 1st period - Shot Misses the Net.
10:33 of 1st period - Snap shot by Brenden Morrow.
10:33 of 1st period - Goal by Brenden Morrow - Coyotes : 2 - Sénateurs : 0.
10:34 of 1st period - Tim Connolly wins face-off versus Andrew Ebbett in neutral zone.
11:03 of 1st period - Snap shot by Sami Kapanen.
11:03 of 1st period - Stopped by Ryan Miller without a rebound.
11:04 of 1st period - Andy Hilbert wins face-off versus Shawn Thornton in Coyotes zone.
11:15 of 1st period - Wrist shot by Sami Kapanen.
11:15 of 1st period - Shot Misses the Net.
11:17 of 1st period - Slapshot by Dan Hamhuis.
11:17 of 1st period - Shot Misses the Net.
11:19 of 1st period - Wrist shot by Andy Hilbert.
11:19 of 1st period - Deflect By Sami Kapanen.
11:19 of 1st period - Shot Blocked by Jiri Fischer.
11:19 of 1st period - Puck is out of play.
11:20 of 1st period - Andy McDonald wins face-off versus Tim Connolly in Coyotes zone.
12:35 of 1st period - Wrist shot by Gilbert Brule.
12:35 of 1st period - Stopped by Ryan Miller with a rebound.
12:39 of 1st period - Snap shot by Gilbert Brule.
12:39 of 1st period - Stopped by Ryan Miller with a rebound.
12:41 of 1st period - Backhand shot by Vitaly Vishnevsky.
12:41 of 1st period - Deflect By Jean-Pierre Dumont.
12:41 of 1st period - Shot Blocked by Vaclav Varada.
12:41 of 1st period - Puck is out of play.
12:42 of 1st period - Daymond Langkow wins face-off versus Tim Connolly in Coyotes zone.
12:51 of 1st period - Ryan Parent is hit by Marian Gaborik and loses puck.
13:08 of 1st period - Chad Larose is hit by Nikolai Kulemin and loses puck.
13:15 of 1st period - Snap shot by Todd Bertuzzi.
13:15 of 1st period - Stopped by Ryan Miller with a rebound.
13:17 of 1st period - Slapshot by Carlo Colaiacovo.
13:17 of 1st period - Shot Blocked by Michael Rupp.
13:19 of 1st period - Snap shot by Todd Bertuzzi.
13:19 of 1st period - Shot Blocked by Denis Grebeshkov.
13:39 of 1st period - Snap shot by Brenden Morrow.
13:39 of 1st period - Stopped by Jonas Hiller with a rebound.
13:53 of 1st period - Snap shot by Marian Gaborik.
13:53 of 1st period - Shot Blocked by Andy Hilbert.
13:55 of 1st period - Wrist shot by Tim Connolly.
13:55 of 1st period - Stopped by Jonas Hiller with a rebound.
14:47 of 1st period - Carlo Colaiacovo is hit by Tim Connolly and loses puck.
15:28 of 1st period - Chad Larose is hit by Dan Hamhuis and loses puck.
15:57 of 1st period - Tim Connolly is hit by Nikolai Kulemin and loses puck.
16:41 of 1st period - Wrist shot by Boyd Devereaux.
16:41 of 1st period - Shot Misses the Net.
16:45 of 1st period - Snap shot by Boyd Devereaux.
16:45 of 1st period - Shot Misses the Net.
16:47 of 1st period - Snap shot by Shawn Thornton.
16:47 of 1st period - Shot Misses the Net.
16:57 of 1st period - Gilbert Brule is hit by Tim Connolly and loses puck.
17:08 of 1st period - Marian Gaborik is hit by Andy McDonald and loses puck.
17:13 of 1st period - Snap shot by Gilbert Brule.
17:13 of 1st period - Shot Blocked by Tim Connolly.
17:15 of 1st period - Snap shot by Andy McDonald.
17:15 of 1st period - Goal by Andy McDonald - Coyotes : 2 - Sénateurs : 1.
17:16 of 1st period - Tim Connolly wins face-off versus Daymond Langkow in neutral zone.
17:18 of 1st period - Minor Penalty to Marian Gaborik for Tripping.
17:19 of 1st period - Gilbert Brule wins face-off versus Chad Larose in Coyotes zone.
17:27 of 1st period - Wrist shot by Gilbert Brule.
17:27 of 1st period - Deflect By Andy McDonald.
17:27 of 1st period - Stopped by Ryan Miller with a rebound.
17:33 of 1st period - Wrist shot by Andy McDonald.
17:33 of 1st period - Shot Misses the Net.
19:18 of 1st period - Penalty to Marian Gaborik is over, Marian Gaborik is back on ice.
19:24 of 1st period - Carlo Colaiacovo is hit by Brenden Morrow and loses puck.
19:33 of 1st period - Marian Gaborik is hit by Andy Hilbert and loses puck.
19:46 of 1st period - Snap shot by Andrew Ebbett.
19:46 of 1st period - Deflect By Todd Bertuzzi.
19:46 of 1st period - Shot Misses the Net.
19:46 of 1st period - Puck is out of play.
19:47 of 1st period - Tim Connolly wins face-off versus Andrew Ebbett in Coyotes zone.
Goals for this period are 2 for Coyotes vs 1 for Sénateurs.
Shots for this period are 8 for Coyotes vs 8 for Sénateurs.
2nd period
0:01 of 2nd period - Tim Connolly wins face-off versus Daymond Langkow in neutral zone.
0:06 of 2nd period - Snap shot by Marian Gaborik.
0:06 of 2nd period - Stopped by Jonas Hiller with a rebound.
0:08 of 2nd period - Snap shot by Marian Gaborik.
0:08 of 2nd period - Shot Blocked by Darcy Hordichuk.
0:10 of 2nd period - Slapshot by Denis Grebeshkov.
0:10 of 2nd period - Stopped by Jonas Hiller with a rebound.
0:12 of 2nd period - Snap shot by Drew Miller.
0:12 of 2nd period - Deflect By Tim Connolly.
0:12 of 2nd period - Stopped by Jonas Hiller with a rebound.
0:14 of 2nd period - Slapshot by Denis Grebeshkov.
0:14 of 2nd period - Shot Misses the Net.
0:22 of 2nd period - Minor Penalty to B.J. Crombeen for Holding.
0:23 of 2nd period - Tim Connolly wins face-off versus Gilbert Brule in Sénateurs zone.
0:24 of 2nd period - Snap shot by Marian Gaborik.
0:24 of 2nd period - Shot Blocked by Vitaly Vishnevsky.
0:26 of 2nd period - Wrist shot by Marian Gaborik.
0:26 of 2nd period - Shot Blocked by Gilbert Brule.
0:28 of 2nd period - Snap shot by Marian Gaborik.
0:28 of 2nd period - Shot Misses the Net.
0:30 of 2nd period - Slapshot by Brian Rafalski.
0:30 of 2nd period - Shot Misses the Net.
0:32 of 2nd period - Snap shot by Marian Gaborik.
0:32 of 2nd period - Shot Blocked by Gilbert Brule.
0:34 of 2nd period - Wrist shot by Tim Connolly.
0:34 of 2nd period - Stopped by Jonas Hiller without a rebound.
0:35 of 2nd period - Gilbert Brule wins face-off versus Tim Connolly in Sénateurs zone.
0:35 of 2nd period - Gilbert Brule is hit by Tim Connolly.
1:02 of 2nd period - Dan Hamhuis is hit by Denis Grebeshkov and loses puck.
1:07 of 2nd period - Slapshot by Drew Miller.
1:07 of 2nd period - Shot Misses the Net.
1:09 of 2nd period - Backhand shot by Erik Christensen.
1:09 of 2nd period - Shot Misses the Net.
2:22 of 2nd period - Penalty to B.J. Crombeen is over, B.J. Crombeen is back on ice.
2:38 of 2nd period - Off-side.
2:39 of 2nd period - Andrew Ebbett wins face-off versus Boyd Devereaux in neutral zone.
2:44 of 2nd period - Slapshot by Nikolai Kulemin.
2:44 of 2nd period - Shot Blocked by Boyd Devereaux.
3:23 of 2nd period - Snap shot by B.J. Crombeen.
3:23 of 2nd period - Shot Misses the Net.
3:51 of 2nd period - Icing by Chris Stewart.
3:52 of 2nd period - Andrew Ebbett wins face-off versus Frans Nielsen in Coyotes zone.
3:53 of 2nd period - Slapshot by Todd Bertuzzi.
3:53 of 2nd period - Stopped by Ryan Miller with a rebound.
4:12 of 2nd period - Minor Penalty to Todd Bertuzzi for High sticking.
4:13 of 2nd period - Marian Gaborik wins face-off versus Gilbert Brule in Sénateurs zone.
4:28 of 2nd period - Wrist shot by Brenden Morrow.
4:28 of 2nd period - Stopped by Jonas Hiller without a rebound.
4:29 of 2nd period - Gilbert Brule wins face-off versus Frans Nielsen in Sénateurs zone.
4:29 of 2nd period - Gilbert Brule is hit by Frans Nielsen.
4:35 of 2nd period - Wrist shot by Frans Nielsen.
4:35 of 2nd period - Goal by Frans Nielsen - Coyotes : 3 - Sénateurs : 1.
4:36 of 2nd period - Gilbert Brule wins face-off versus Tim Connolly in neutral zone.
4:45 of 2nd period - Slapshot by Vitaly Vishnevsky.
4:45 of 2nd period - Stopped by Ryan Miller without a rebound.
4:46 of 2nd period - Gilbert Brule wins face-off versus Tim Connolly in Coyotes zone.
4:47 of 2nd period - Slapshot by Andy McDonald.
4:47 of 2nd period - Shot Blocked by Denis Grebeshkov.
4:55 of 2nd period - Slapshot by Drew Miller.
4:55 of 2nd period - Deflect By Marian Gaborik.
4:55 of 2nd period - Shot Blocked by Vitaly Vishnevsky.
4:55 of 2nd period - Puck is out of play.
4:56 of 2nd period - Gilbert Brule wins face-off versus Tim Connolly in Sénateurs zone.
5:11 of 2nd period - Snap shot by Andy McDonald.
5:11 of 2nd period - Stopped by Ryan Miller without a rebound.
5:12 of 2nd period - Daymond Langkow wins face-off versus Frans Nielsen in Coyotes zone.
5:13 of 2nd period - Wrist shot by B.J. Crombeen.
5:13 of 2nd period - Shot Misses the Net.
6:12 of 2nd period - Snap shot by Vaclav Varada.
6:12 of 2nd period - Shot Misses the Net.
9:33 of 2nd period - Wrist shot by Drew Miller.
9:33 of 2nd period - Shot Misses the Net.
9:58 of 2nd period - Carlo Colaiacovo is hit by Shawn Thornton and loses puck.
10:20 of 2nd period - Icing by Nikolai Kulemin.
10:21 of 2nd period - Tim Connolly wins face-off versus Andrew Ebbett in Sénateurs zone.
10:22 of 2nd period - Slapshot by Marian Gaborik.
10:22 of 2nd period - Stopped by Jonas Hiller without a rebound.
10:23 of 2nd period - Tim Connolly wins face-off versus Gilbert Brule in Sénateurs zone.
10:40 of 2nd period - Snap shot by Marian Gaborik.
10:40 of 2nd period - Stopped by Jonas Hiller with a rebound.
11:04 of 2nd period - Wrist shot by Gilbert Brule.
11:04 of 2nd period - Shot Misses the Net.
11:26 of 2nd period - Snap shot by Darcy Hordichuk.
11:26 of 2nd period - Stopped by Ryan Miller without a rebound.
11:27 of 2nd period - Andrew Ebbett wins face-off versus Tim Connolly in Coyotes zone.
11:34 of 2nd period - Snap shot by Andrew Ebbett.
11:34 of 2nd period - Stopped by Ryan Miller without a rebound.
11:35 of 2nd period - Tim Connolly wins face-off versus Andrew Ebbett in Coyotes zone.
11:44 of 2nd period - Slapshot by Todd Bertuzzi.
11:44 of 2nd period - Shot Blocked by Tim Connolly.
11:46 of 2nd period - Snap shot by Todd Bertuzzi.
11:46 of 2nd period - Stopped by Ryan Miller with a rebound.
11:48 of 2nd period - Snap shot by Nikolai Kulemin.
11:48 of 2nd period - Goal by Nikolai Kulemin - Coyotes : 3 - Sénateurs : 2.
11:49 of 2nd period - Frans Nielsen wins face-off versus Gilbert Brule in neutral zone.
11:51 of 2nd period - Brian Rafalski is hit by Dan Hamhuis and loses puck.
12:10 of 2nd period - Minor Penalty to Frans Nielsen for High sticking.
12:11 of 2nd period - Gilbert Brule wins face-off versus Boyd Devereaux in Coyotes zone.
12:22 of 2nd period - Snap shot by Jean-Pierre Dumont.
12:22 of 2nd period - Shot Misses the Net.
14:10 of 2nd period - Penalty to Frans Nielsen is over, Frans Nielsen is back on ice.
14:12 of 2nd period - Icing by Dan Hamhuis.
14:13 of 2nd period - Frans Nielsen wins face-off versus Daymond Langkow in Sénateurs zone.
14:26 of 2nd period - Denis Grebeshkov is hit by Vitaly Vishnevsky and loses puck.
14:37 of 2nd period - Dan Hamhuis is hit by Drew Miller and loses puck.
17:10 of 2nd period - Dan Hamhuis is hit by Lukas Krajicek and loses puck.
17:21 of 2nd period - Wrist shot by Marian Gaborik.
17:21 of 2nd period - Stopped by Jonas Hiller without a rebound.
17:22 of 2nd period - Rob Niedermayer wins face-off versus Frans Nielsen in Sénateurs zone.
17:31 of 2nd period - Snap shot by Frans Nielsen.
17:31 of 2nd period - Stopped by Jonas Hiller without a rebound.
17:32 of 2nd period - Gilbert Brule wins face-off versus Frans Nielsen in Sénateurs zone.
17:43 of 2nd period - Wrist shot by Jean-Pierre Dumont.
17:43 of 2nd period - Stopped by Ryan Miller without a rebound.
17:44 of 2nd period - Jean-Pierre Dumont wins face-off versus Tim Connolly in Coyotes zone.
17:59 of 2nd period - Slapshot by Marian Gaborik.
17:59 of 2nd period - Goal by Marian Gaborik - Coyotes : 4 - Sénateurs : 2.
17:59 of 2nd period - Jeff Deslauriers enters game.
18:00 of 2nd period - Gilbert Brule wins face-off versus Drew Miller in neutral zone.
18:02 of 2nd period - Minor Penalty to Jean-Pierre Dumont for Holding.
18:03 of 2nd period - Brenden Morrow wins face-off versus Gilbert Brule in Sénateurs zone.
18:05 of 2nd period - Wrist shot by Tim Connolly.
18:05 of 2nd period - Stopped by Jeff Deslauriers with a rebound.
18:17 of 2nd period - Snap shot by Tim Connolly.
18:17 of 2nd period - Goal by Tim Connolly - Coyotes : 5 - Sénateurs : 2.
18:18 of 2nd period - Tim Connolly wins face-off versus Gilbert Brule in neutral zone.
18:44 of 2nd period - Vitaly Vishnevsky is hit by Chad Larose and loses puck.
19:06 of 2nd period - Off-side.
19:07 of 2nd period - Daymond Langkow wins face-off versus Frans Nielsen in neutral zone.
19:32 of 2nd period - Drew Miller is hit by Dan Girardi and loses puck.
19:57 of 2nd period - Wrist shot by Andy Hilbert.
19:57 of 2nd period - Shot Misses the Net.
Goals for this period are 3 for Coyotes vs 1 for Sénateurs.
Shots for this period are 13 for Coyotes vs 8 for Sénateurs.
3rd period
0:01 of 3rd period - Daymond Langkow wins face-off versus Tim Connolly in neutral zone.
0:08 of 3rd period - Snap shot by B.J. Crombeen.
0:08 of 3rd period - Shot Blocked by Tim Connolly.
0:10 of 3rd period - Snap shot by Dan Hamhuis.
0:10 of 3rd period - Stopped by Ryan Miller without a rebound.
0:11 of 3rd period - Andy McDonald wins face-off versus Tim Connolly in Coyotes zone.
0:32 of 3rd period - Minor Penalty to Marian Gaborik for Hooking.
0:33 of 3rd period - Chad Larose wins face-off versus Gilbert Brule in Coyotes zone.
1:29 of 3rd period - Icing by Daymond Langkow.
1:30 of 3rd period - Todd Bertuzzi wins face-off versus Boyd Devereaux in Sénateurs zone.
1:54 of 3rd period - Wrist shot by Gilbert Brule.
1:54 of 3rd period - Stopped by Ryan Miller with a rebound.
2:32 of 3rd period - Penalty to Marian Gaborik is over, Marian Gaborik is back on ice.
3:35 of 3rd period - Snap shot by Sami Salo.
3:35 of 3rd period - Stopped by Ryan Miller with a rebound.
3:50 of 3rd period - Icing by Anton Stralman.
3:51 of 3rd period - Daymond Langkow wins face-off versus Boyd Devereaux in Coyotes zone.
4:00 of 3rd period - Wrist shot by Darcy Hordichuk.
4:00 of 3rd period - Stopped by Ryan Miller without a rebound.
4:01 of 3rd period - Gilbert Brule wins face-off versus Frans Nielsen in Coyotes zone.
4:09 of 3rd period - Icing by Chris Stewart.
4:10 of 3rd period - Gilbert Brule wins face-off versus Frans Nielsen in Coyotes zone.
4:15 of 3rd period - Snap shot by Jean-Pierre Dumont.
4:15 of 3rd period - Stopped by Ryan Miller with a rebound.
4:18 of 3rd period - Icing by Denis Grebeshkov.
4:19 of 3rd period - Frans Nielsen wins face-off versus Gilbert Brule in Coyotes zone.
4:19 of 3rd period - Frans Nielsen is hit by Andy McDonald.
4:44 of 3rd period - Snap shot by Brenden Morrow.
4:44 of 3rd period - Shot Misses the Net.
4:50 of 3rd period - Snap shot by B.J. Crombeen.
4:50 of 3rd period - Shot Misses the Net.
4:52 of 3rd period - Wrist shot by Dan Hamhuis.
4:52 of 3rd period - Stopped by Ryan Miller without a rebound.
4:53 of 3rd period - Tim Connolly wins face-off versus Daymond Langkow in Coyotes zone.
5:00 of 3rd period - Snap shot by Anton Stralman.
5:00 of 3rd period - Shot Blocked by Dan Girardi.
5:04 of 3rd period - Slapshot by Tim Connolly.
5:04 of 3rd period - Deflect By Drew Miller.
5:04 of 3rd period - Stopped by Jeff Deslauriers with a rebound.
5:21 of 3rd period - Icing by Gilbert Brule.
5:22 of 3rd period - Erik Christensen wins face-off versus Gilbert Brule in Sénateurs zone.
5:47 of 3rd period - Daymond Langkow is hit by Marian Gaborik and loses puck.
6:10 of 3rd period - Slapshot by Andrew Ebbett.
6:10 of 3rd period - Stopped by Ryan Miller without a rebound.
6:11 of 3rd period - Andrew Ebbett wins face-off versus Chris Stewart in Coyotes zone.
6:14 of 3rd period - Slapshot by Andrew Ebbett.
6:14 of 3rd period - Stopped by Ryan Miller without a rebound.
6:15 of 3rd period - Andrew Ebbett wins face-off versus Tim Connolly in Coyotes zone.
6:24 of 3rd period - Snap shot by Nikolai Kulemin.
6:24 of 3rd period - Goal by Nikolai Kulemin - Coyotes : 5 - Sénateurs : 3.
6:25 of 3rd period - Tim Connolly wins face-off versus Gilbert Brule in neutral zone.
6:30 of 3rd period - Snap shot by Marian Gaborik.
6:30 of 3rd period - Deflect By Drew Miller.
6:30 of 3rd period - Deflect By Jean-Pierre Dumont.
6:30 of 3rd period - Shot Misses the Net.
6:30 of 3rd period - Puck is out of play.
6:31 of 3rd period - Gilbert Brule wins face-off versus Tim Connolly in Sénateurs zone.
6:42 of 3rd period - Snap shot by Tim Connolly.
6:42 of 3rd period - Stopped by Jeff Deslauriers without a rebound.
6:43 of 3rd period - Frans Nielsen wins face-off versus Gilbert Brule in Sénateurs zone.
7:08 of 3rd period - Anton Stralman is hit by Dan Hamhuis.
7:25 of 3rd period - Icing by Darcy Hordichuk.
7:26 of 3rd period - Erik Christensen wins face-off versus Daymond Langkow in Sénateurs zone.
7:27 of 3rd period - Slapshot by Michael Rupp.
7:27 of 3rd period - Deflect By Frans Nielsen.
7:27 of 3rd period - Shot Misses the Net.
7:27 of 3rd period - Puck is out of play.
7:28 of 3rd period - Andy McDonald wins face-off versus Frans Nielsen in Sénateurs zone.
7:28 of 3rd period - Andy McDonald is hit by Jiri Fischer.
7:53 of 3rd period - B.J. Crombeen is hit by Marian Gaborik and loses puck.
8:29 of 3rd period - Slapshot by Andrew Ebbett.
8:29 of 3rd period - Stopped by Ryan Miller with a rebound.
8:45 of 3rd period - Snap shot by Frans Nielsen.
8:45 of 3rd period - Shot Blocked by Dan Hamhuis.
8:47 of 3rd period - Snap shot by Chris Stewart.
8:47 of 3rd period - Shot Misses the Net.
8:49 of 3rd period - Wrist shot by Chris Stewart.
8:49 of 3rd period - Shot Misses the Net.
8:51 of 3rd period - Slapshot by Kurt Sauer.
8:51 of 3rd period - Deflect By Frans Nielsen.
8:51 of 3rd period - Stopped by Jeff Deslauriers without a rebound.
8:52 of 3rd period - Todd Bertuzzi wins face-off versus Tim Connolly in Sénateurs zone.
9:04 of 3rd period - Minor Penalty to Vitaly Vishnevsky for Hooking.
9:05 of 3rd period - Gilbert Brule wins face-off versus Tim Connolly in Sénateurs zone.
9:14 of 3rd period - Double Minor Penalty to Marian Gaborik for High sticking.
9:15 of 3rd period - Gilbert Brule wins face-off versus Drew Miller in Coyotes zone.
9:18 of 3rd period - Slapshot by Gilbert Brule.
9:18 of 3rd period - Goal by Gilbert Brule - Coyotes : 5 - Sénateurs : 4.
9:19 of 3rd period - Gilbert Brule wins face-off versus Tim Connolly in neutral zone.
9:24 of 3rd period - Snap shot by Jean-Pierre Dumont.
9:24 of 3rd period - Stopped by Ryan Miller with a rebound.
9:30 of 3rd period - Sami Salo is hit by Lukas Krajicek.
9:34 of 3rd period - Snap shot by Jean-Pierre Dumont.
9:34 of 3rd period - Stopped by Ryan Miller with a rebound.
9:56 of 3rd period - Dan Girardi is hit by Drew Miller.
10:00 of 3rd period - Snap shot by Frans Nielsen.
10:00 of 3rd period - Deflect By Drew Miller.
10:00 of 3rd period - Shot Misses the Net.
10:00 of 3rd period - Puck is out of play.
10:01 of 3rd period - Frans Nielsen wins face-off versus Daymond Langkow in Sénateurs zone.
10:04 of 3rd period - Slapshot by Drew Miller.
10:04 of 3rd period - Stopped by Jeff Deslauriers with a rebound.
10:06 of 3rd period - Wrist shot by Frans Nielsen.
10:06 of 3rd period - Shot Blocked by Sami Salo.
10:44 of 3rd period - Brenden Morrow is hit by B.J. Crombeen and loses puck.
11:04 of 3rd period - Penalty to Vitaly Vishnevsky is over, Vitaly Vishnevsky is back on ice.
12:03 of 3rd period - Daymond Langkow is hit by Kurt Sauer and loses puck.
12:26 of 3rd period - Denis Grebeshkov is hit by B.J. Crombeen and loses puck.
13:14 of 3rd period - Penalty to Marian Gaborik is over, Marian Gaborik is back on ice.
13:36 of 3rd period - Brian Rafalski is hit by Andrew Ebbett and loses puck.
14:16 of 3rd period - Icing by Brenden Morrow.
14:17 of 3rd period - Andrew Ebbett wins face-off versus Frans Nielsen in Coyotes zone.
14:30 of 3rd period - Dan Hamhuis is hit by Chris Stewart and loses puck.
14:51 of 3rd period - Wrist shot by Brenden Morrow.
14:51 of 3rd period - Stopped by Jeff Deslauriers without a rebound.
14:52 of 3rd period - Andy McDonald wins face-off versus Tim Connolly in Sénateurs zone.
14:57 of 3rd period - Slapshot by Andy McDonald.
14:57 of 3rd period - Shot Blocked by Drew Miller.
15:39 of 3rd period - Slapshot by Boyd Devereaux.
15:39 of 3rd period - Stopped by Jeff Deslauriers without a rebound.
15:40 of 3rd period - Boyd Devereaux wins face-off versus Daymond Langkow in Sénateurs zone.
16:11 of 3rd period - Snap shot by Nikolai Kulemin.
16:11 of 3rd period - Stopped by Ryan Miller with a rebound.
16:27 of 3rd period - Denis Grebeshkov is hit by Andy Hilbert.
16:37 of 3rd period - Snap shot by Sami Kapanen.
16:37 of 3rd period - Deflect By Rob Niedermayer.
16:37 of 3rd period - Shot Misses the Net.
16:37 of 3rd period - Puck is out of play.
16:38 of 3rd period - Shawn Thornton wins face-off versus Andrew Ebbett in Coyotes zone.
17:11 of 3rd period - Slapshot by Michael Rupp.
17:11 of 3rd period - Deflect By Erik Christensen.
17:11 of 3rd period - Shot Misses the Net.
17:11 of 3rd period - Puck is out of play.
17:12 of 3rd period - Gilbert Brule wins face-off versus Erik Christensen in Sénateurs zone.
17:37 of 3rd period - Nikolai Kulemin is hit by Tim Connolly and loses puck.
18:00 of 3rd period - Anton Stralman is hit by Darcy Hordichuk.
19:06 of 3rd period - Gilbert Brule is hit by Boyd Devereaux.
19:12 of 3rd period - Snap shot by Chad Larose.
19:12 of 3rd period - Shot Misses the Net.
19:14 of 3rd period - Snap shot by Chad Larose.
19:14 of 3rd period - Stopped by Jeff Deslauriers with a rebound.
19:28 of 3rd period - Wrist shot by Chad Larose.
19:28 of 3rd period - Stopped by Jeff Deslauriers without a rebound.
19:29 of 3rd period - Larry Robinson call a timeout for Sénateurs.
19:29 of 3rd period - Andy McDonald wins face-off versus Chad Larose in Sénateurs zone.
19:40 of 3rd period - Sénateurs, Jeff Deslauriers is pulled from the net.
19:44 of 3rd period - Slapshot by Gilbert Brule.
19:44 of 3rd period - Stopped by Ryan Miller with a rebound.
19:46 of 3rd period - Wrist shot by Dan Hamhuis.
19:46 of 3rd period - Stopped by Ryan Miller with a rebound.
19:50 of 3rd period - Wrist shot by Jean-Pierre Dumont.
19:50 of 3rd period - Shot Misses the Net.
19:52 of 3rd period - Wrist shot by Dan Hamhuis.
19:52 of 3rd period - Deflect By Jean-Pierre Dumont.
19:52 of 3rd period - Stopped by Ryan Miller with a rebound.
19:54 of 3rd period - Slapshot by Dan Hamhuis.
19:54 of 3rd period - Shot Misses the Net.
19:56 of 3rd period - Snap shot by Vitaly Vishnevsky.
19:56 of 3rd period - Stopped by Ryan Miller without a rebound.
19:57 of 3rd period - Gilbert Brule wins face-off versus Boyd Devereaux in Coyotes zone.
Goals for this period are 0 for Coyotes vs 2 for Sénateurs.
Shots for this period are 8 for Coyotes vs 18 for Sénateurs.
Output by the SimonT Hockey Simulator (STHS) for François Prévost -- Original Page W3C XHTML 1.0 Valid